Workbook

Sheet Site Worksheet
A1: Site Worksheet
A2: (Insert additional rows as needed)
A4: Site Number | B4: Site Name | C4: Site Designation (Hub; Hub/End-User; End-User) | D4: Street Address | E4: Town | F4: County | G4: State | H4: 5 Digit ZIP | I4: Congressional District

Sheet Rurality Worksheet
A1: Rurality Worksheet
A2: (insert additional rows as needed)
A3: Minimum Score of 20 points required for eligibility
A4: Site Number | B4: Site Name | C4: Site Designation (Hub; Hub/End-User; End-User) | D4: Town or Place Name | E4: Census Population | F4: Is Site in a Town adjacent to City or Town > 50,000? | G4: Name of Adjacent Urban City or Town (if Yes in prev. col. ) | H4: Rurality Score
A5: =IF('Site Worksheet'!A5="","", 'Site Worksheet'!A5) | B5: =IF('Site Worksheet'!B5="","", 'Site Worksheet'!B5) | C5: =IF('Site Worksheet'!C5="","", 'Site Worksheet'!C5) | J5: Yes
A6: =IF('Site Worksheet'!A6="","", 'Site Worksheet'!A6) | B6: =IF('Site Worksheet'!B6="","", 'Site Worksheet'!B6) | C6: =IF('Site Worksheet'!C6="","", 'Site Worksheet'!C6) | J6: No
A7: =IF('Site Worksheet'!A7="","", 'Site Worksheet'!A7) | B7: =IF('Site Worksheet'!B7="","", 'Site Worksheet'!B7) | C7: =IF('Site Worksheet'!C7="","", 'Site Worksheet'!C7)
A8: =IF('Site Worksheet'!A8="","", 'Site Worksheet'!A8) | B8: =IF('Site Worksheet'!B8="","", 'Site Worksheet'!B8) | C8: =IF('Site Worksheet'!C8="","", 'Site Worksheet'!C8)
A9: =IF('Site Worksheet'!A9="","", 'Site Worksheet'!A9) | B9: =IF('Site Worksheet'!B9="","", 'Site Worksheet'!B9) | C9: =IF('Site Worksheet'!C9="","", 'Site Worksheet'!C9)
A10: =IF('Site Worksheet'!A10="","", 'Site Worksheet'!A10) | B10: =IF('Site Worksheet'!B10="","", 'Site Worksheet'!B10) | C10: =IF('Site Worksheet'!C10="","", 'Site Worksheet'!C10)
A11: =IF('Site Worksheet'!A11="","", 'Site Worksheet'!A11) | B11: =IF('Site Worksheet'!B11="","", 'Site Worksheet'!B11) | C11: =IF('Site Worksheet'!C11="","", 'Site Worksheet'!C11)
A12: =IF('Site Worksheet'!A12="","", 'Site Worksheet'!A12) | B12: =IF('Site Worksheet'!B12="","", 'Site Worksheet'!B12) | C12: =IF('Site Worksheet'!C12="","", 'Site Worksheet'!C12)
A13: =IF('Site Worksheet'!A13="","", 'Site Worksheet'!A13) | B13: =IF('Site Worksheet'!B13="","", 'Site Worksheet'!B13) | C13: =IF('Site Worksheet'!C13="","", 'Site Worksheet'!C13)
A14: =IF('Site Worksheet'!A14="","", 'Site Worksheet'!A14) | B14: =IF('Site Worksheet'!B14="","", 'Site Worksheet'!B14) | C14: =IF('Site Worksheet'!C14="","", 'Site Worksheet'!C14)
A15: =IF('Site Worksheet'!A15="","", 'Site Worksheet'!A15) | B15: =IF('Site Worksheet'!B15="","", 'Site Worksheet'!B15) | C15: =IF('Site Worksheet'!C15="","", 'Site Worksheet'!C15)
A16: =IF('Site Worksheet'!A16="","", 'Site Worksheet'!A16) | B16: =IF('Site Worksheet'!B16="","", 'Site Worksheet'!B16) | C16: =IF('Site Worksheet'!C16="","", 'Site Worksheet'!C16)
A17: =IF('Site Worksheet'!A17="","", 'Site Worksheet'!A17) | B17: =IF('Site Worksheet'!B17="","", 'Site Worksheet'!B17) | C17: =IF('Site Worksheet'!C17="","", 'Site Worksheet'!C17)
A18: =IF('Site Worksheet'!A18="","", 'Site Worksheet'!A18) | B18: =IF('Site Worksheet'!B18="","", 'Site Worksheet'!B18) | C18: =IF('Site Worksheet'!C18="","", 'Site Worksheet'!C18)
... A23: =IF('Site Worksheet'!A23="","", 'Site Worksheet'!A23) | B23: =IF('Site Worksheet'!B23="","", 'Site Worksheet'!B23) | C23: =IF('Site Worksheet'!C23="","", 'Site Worksheet'!C23)
C25: Applicant's Estimated Rurality Score
C26: (Sum of Rurality Points / # of End-User Sites)
C28: Scoring Table
C29: Census Population | F29: Points
C30: EXCEPTIONALLY RURAL AREA - 5,000 or less | F30: 40
C31: RURAL AREA - 5,001-10,000 | F31: 30
C32: MID-RURAL AREA - 10,001-20,000 | F32: 20
C33: URBAN AREA - Over 20,000 or Adjacent to City > 50,000 | F33: 0
B35: NOTE: Enter the hub and end user sites in the same order as shown on the Site Worksheet. Enter the population associated with each hub and end user site. Do not score or include hub sites in the final calculation of the Rurality score. The hub information is required should RUS determine that a hub site is actually an end user site or combination hub/end user site where it would be scored. See section C1 – Rurality of Application Guide for additional instructions.

Sheet Matching Worksheet
A1: Matching Worksheet
A2: (insert additional rows as needed)
A4: Donor | B4: Proposed Match ($)
A5: (must provide Documentation Letter from each donor)
A21: 1. Total Proposed Matching Contribution (must equal Line B + Line C in the Budget Worksheet) | B21: =SUM(B6:B20) -> 0
A22: 2. Total DLT Grant Request (Must equal Line D in the Budget Worksheet) | B22: ='Budget Worksheet'!F44 -> 0
A23: Match Percent (Line 1 ÷ Line 2), must be at least 15% of Grant Request | B23: =IF(B22=0,"",B21/B22)

Sheet Budget Worksheet
A1: Budget Worksheet
A2: (Insert additional rows as needed)
A4: Items being funded by Grant and Cash Match
A5: Line Item # | B5: Site Number & Name | C5: Description | D5: Unit Cost | E5: # of Units | F5: Extended Cost
A6: 1 | F6: =E6*D6 -> 0
A7: 2 | F7: =E7*D7 -> 0
A8: 3 | F8: =E8*D8 -> 0
A9: 4 | F9: =E9*D9 -> 0
A10: 5 | F10: =E10*D10 -> 0
A11: 6 | F11: =E11*D11 -> 0
A12: 7 | F12: =E12*D12 -> 0
A13: 8 | F13: =E13*D13 -> 0
A14: 9 | F14: =E14*D14 -> 0
A15: 10 | F15: =E15*D15 -> 0
A16: 11 | F16: =E16*D16 -> 0
A17: 12 | F17: =E17*D17 -> 0
... A26: 21 | F26: =E26*D26 -> 0
C27: Total Grant and Cash Match | F27: =SUM(F6:F26) -> 0
A28: Items being contributed as In-Kind Match (if applicable)
A29: Line Item # | B29: Site Number & Name | C29: Description | D29: Unit Cost | E29: # of Units | F29: Extended Cost
A30: 1 | F30: =E30*D30 -> 0
A31: 2 | F31: =E31*D31 -> 0
A32: 3 | F32: =E32*D32 -> 0
A33: 4 | F33: =E33*D33 -> 0
A34: 5 | F34: =E34*D34 -> 0
A35: 6 | F35: =E35*D35 -> 0
A36: 7 | F36: =E36*D36 -> 0
A37: 8 | F37: =E37*D37 -> 0
A38: 9 | F38: =E38*D38 -> 0
A39: 10 | F39: =E39*D39 -> 0
C40: Total In-Kind Match | F40: =SUM(F30:F39) -> 0
A41: A | B41: Overall DLT Project Budget (Sum of Total Grant & Cash Match and Total In-Kind Match) | F41: =F27+F40 -> 0
A42: B | B42: Less Proposed Cash Match (as documented on Matching Worksheet) | F42: 0
A43: C | B43: Less In-Kind Match | F43: =F40 -> 0
A44: D | B44: DLT Grant Request (A-B-C) | F44: =F41-(F42+F43) -> 0
E45: Grant to Match % check (15% minimum req'd) | F45: =IF(F44=0,"",(F42+F43)/F44)
